 Dungeon Crawl Stone Soup version 0.28.0-53-g5a82cb258f (webtiles) character file.

Game seed: 14829866589831152559

11 Ashen the Chiller (level 2, 0/26 HPs)
             Began as an Ogre Ice Elementalist on June 20, 2022.
             Slain by a bat (1 damage)
             ... on level 1 of the Dungeon.
             The game lasted 00:00:58 (322 turns).

Ashen the Chiller (Ogre Ice Elementalist)            Turns: 322, Time: 00:00:58

Health: 0/26       AC:  3    Str: 11    XL:     2   Next: 25%
Magic:  0/5        EV: 10    Int: 16    God:
Gold:   0          SH:  0    Dex:  9    Spells: 5/6 levels left

rFire   . . .      SeeInvis .   (no weapon)
rCold   . . .      Faith    .   (no shield)
rNeg    . . .      Spirit   .   a - +0 robe
rPois   .          Reflect  .   (helmet restricted)
rElec   .          Harm     .   (no cloak)
rCorr   .          Rampage  .   (gloves unavailable)
Will    .....                   (boots unavailable)
Stlth   ++........              (no amulet)
HPRegen 0.08/turn               (no ring)
MPRegen 0.09/turn               (no ring)

@: no status effects
A: large, unfitting armour, tough skin 1
a: no special abilities


You were on level 1 of the Dungeon.
You visited 1 branch of the dungeon, and saw 1 of its levels.

Inventory:

Armour
 a - a +0 robe (worn)
Jewellery
 b - an amulet of regeneration
Potions
 d - a potion of curing


   Skills:
 + Level 0.9 Fighting
 + Level 2.0 Dodging
 + Level 1.6 Stealth
 + Level 2.6 Spellcasting
 + Level 3.7 Ice Magic


You had 5 spell levels left.
You knew the following spells:

 Your Spells              Type           Power      Damage    Failure   Level
a - Freeze                Ice            56%        1d7       4%          1

Your spell library contained the following spells:

 Spells                   Type           Power      Damage    Failure   Level
 Frozen Ramparts          Ice            28%        1d4       13%         3
 Ozocubu's Armour         Ice            14%        N/A       13%         3
 Hailstorm                Conj/Ice       8%         3d4       65%         4


Dungeon Overview and Level Annotations

Branches:
Dungeon (1/15)

Altars:


Innate Abilities, Weirdness & Mutations

You are too large for most types of armour.
You have tough skin. (AC +1)


Message History

A bat comes into view.
The kobold throws a stone.
The stone hits you but does no damage. The bat hits you but does no damage.
You closely miss the bat. The bat barely misses you.
The jackal closely misses you. The bat barely misses you.
The jackal pauses to sniff the ground.
The jackal closely misses you. The bat hits you but does no damage.
The bat closely misses you. The bat closely misses you.
The bat closely misses you. The jackal bites you.
* * * LOW HITPOINT WARNING * * *
The jackal bites you but does no damage.
The jackal bites you.
* * * LOW HITPOINT WARNING * * *
Casting: Freeze (safe; 4% risk of failure)
Confirm with . or Enter, or press ? or * to list all spells.
Aiming: Freeze (safe; 4% risk of failure)
Press: ? - help, Shift-Dir - straight line, f - jackal, p - kobold
Aim: a jackal You freeze the jackal.
The jackal is moderately wounded.
The jackal bites you.
* * * LOW HITPOINT WARNING * * *
Unknown command.
Casting: Freeze (safe; 4% risk of failure)
Confirm with . or Enter, or press ? or * to list all spells.
Aiming: Freeze (safe; 4% risk of failure)
Press: ? - help, Shift-Dir - straight line, f/p - jackal
Aim: a jackal (moderately wounded)
You freeze the jackal.
You kill the jackal!
The bat hits you but does no damage.
Your Dodging skill increases to level 2!
As you read the scroll labelled EPEQUC FINU, it crumbles to dust.
It is a scroll of identify.
d - a potion of curing The bat closely misses you.
The bat hits you.
You die...

#.## ##..#####.#
#......##.# #......##.#
#......##.# #####
#......##.# .....#.
#......##.##........# #
#......##......≈≈≈≈..####.
#####......##@#
≈≈≈≈≈......
............##b#
≈≈≈≈≈..<>.§
.......##.####h#
≈≈≈≈≈...... ....... #K.#
#h# ≈≈≈≈...#... .......
##b###.# ......##...
....... #..##K# ######
#.## ....... ##h##.# #...
.......
#..#.###############.
##...................


You could see 2 jackals, a bat and a kobold.

Vanquished Creatures
  A ball python (D:1)
  A bat (D:1)
  A giant cockroach (D:1)
  4 jackals (D:1)
  A frilled lizard (D:1)
  A rat (D:1)
9 creatures vanquished.

Notes
Turn   | Place    | Note
-------+----------+-------------------------------------------
     0 | D:1      | Ashen the Ogre Ice Elementalist began the quest for the
                  | Orb.
     0 | D:1      | Reached XP level 1. HP: 16/16 MP: 3/3
   281 | D:1      | Reached XP level 2. HP: 26/26 MP: 3/5
   320 | D:1      | HP: 1/26 [jackal (2)]
   322 | D:1      | Slain by a bat

Illustrated notes

Levels and vault maps discovered:
D:1:      dpeg_arrival_pits, layout_basic, serial_park_tiny_2

Skill      XL: |  1  2 |
---------------+-------+-----
Dodging        | 2 |  2.0
Fighting       | |  0.9
Stealth        | |  1.6
Spellcasting   | |  2.6
Ice Magic      | |  3.7

Action                   || total
-------------------------++-------
Melee: Unarmed           ||    36
 Cast: Freeze            ||    11
  Use: Scroll            ||     1
Armor: Robe              ||    23
Dodge: Dodged            ||    27
